 Dungeon Crawl Stone Soup version 0.30.1-9-gdf580d7c3d (webtiles) character file.

Game seed: 14896447218506028287

363917 croobank the Unseen (level 22, -16/179 HPs)
             Began as a Gnoll Delver on Sept 25, 2023.
             Was an Initiate of Gozag.
             Killed from afar by Nikola (55 damage)
             ... with an arc of chain lightning
             ... on level 2 of the Vaults on Sept 26, 2023.
             The game lasted 03:59:25 (51815 turns).

croobank the Unseen (Gnoll Delver)                 Turns: 51815, Time: 03:59:26

Health: -16/179    AC: 26    Str: 15    XL:     22   Next: 51%
Magic:  41/41      EV: 19    Int: 17    God:    Gozag
Gold:   9143       SH: 19    Dex: 16    Spells: 5/51 levels left

rFire   + . .        a - +9 broad axe
rCold   + + .        U - +5 Storm Queen's Shield {shock, Fly rElec}
rNeg    + . .        W - +5 acid dragon scales
rPois   +            v - +0 mask of the Dragon {Will+ Slay+3 SInv}
rElec   +            F - scarf {rC+ rF+}
rCorr   +            A - +2 pair of gloves
SInv    +            w - +2 pair of boots {Stlth+}
Will    ++...        Y - amulet of magic regeneration
Stlth   +++++++      c - ring "Babbenota" {rC+ rN+ AC+4 Dex+2}
HPRegen 0.49/turn    K - +4 ring of slaying
MPRegen 0.67/turn

%: no passive effects
@: gold aura, on berserk cooldown, flying, slowed, very slow
A: fangs 1, strong nose, distributed training, poison resistance, evolution 1
}: 2/15 runes: decaying, serpentine
a: Renounce Religion, Potion Petition, Call Merchant, Bribe Branch


You were on level 2 of the Vaults.
You worshipped Gozag.
Gozag was greatly pleased with you.
You visited 9 branches of the dungeon, and saw 38 of its levels.
You also visited: Bailey.

You collected 18623 gold pieces.
You spent 3912 gold pieces at shops.
You paid 5568 gold pieces to Gozag.

Inventory:

Hand Weapons
 a - a +9 broad axe (weapon)
 b - the +9 mace of Fee Simple {holy, rF+}
   (You took it off a salamander on level 1 of the Snake Pit)

   rF:        It protects you from fire.
 y - a +9 dagger
 S - a +9 scimitar of flaming
Missiles
 f - 2 throwing nets (quivered)
 O - 3 curare-tipped darts
 Q - 9 silver javelins
Armour
 v - the +0 mask of the Dragon (worn) {Will+ Slay+3 SInv}
   (You bought it in a shop on level 2 of the Orcish Mines)

   Slay:      It affects your accuracy & damage with ranged weapons and melee
   (+3).
   SInv:      It lets you see invisible.
   Will:      It increases your willpower.
 w - a +2 pair of boots of stealth (worn)
 A - a +2 pair of gloves (worn)
 F - a scarf of resistance (worn)
 U - the +5 Storm Queen's Shield (worn) {shock, Fly rElec}
   (You bought it in a shop on level 6 of the Dungeon)

   Shock:     When it blocks an attack, it may electrocute the attacker.
   This works even against foes who are a short distance away.
   rElec:     It insulates you from electricity.
   Fly:       It grants you flight.
 W - +5 acid dragon scales (worn)
Jewellery
 c - the ring "Babbenota" (left hand) {rC+ rN+ AC+4 Dex+2}
   (You bought it in a shop on level 3 of the Snake Pit)

   [ring of protection]

   AC:        It affects your AC (+4).
   Dex:       It affects your dexterity (+2).
   rC:        It protects you from cold.
   rN:        It protects you from negative energy.
 k - a ring of positive energy
 o - a +6 ring of intelligence
 r - a +6 ring of intelligence
 u - a ring of willpower
 C - a ring of fire
 G - a ring of magical power
 K - a +4 ring of slaying (right hand)
 Y - an amulet of magic regeneration (around neck)
Wands
 g - a wand of digging (17)
 j - a wand of mindburst (22)
 p - a wand of iceblast (17)
 I - a wand of light (5)
 P - a wand of flame (53)
 T - a wand of charming (53)
Scrolls
 d - a scroll of enchant weapon
 e - 6 scrolls of fear
 q - 12 scrolls of teleportation
 s - a scroll of fog
 D - 2 scrolls of magic mapping
 V - 3 scrolls of vulnerability
 X - 2 scrolls of poison
Potions
 h - 9 potions of attraction
 i - 9 potions of lignification
 l - 7 potions of mutation
 m - 16 potions of curing
 n - 8 potions of brilliance
 B - 4 potions of invisibility
 E - 6 potions of might
 L - 4 potions of haste
 M - 10 potions of magic
 N - 10 potions of flight
 R - 4 potions of resistance
Miscellaneous
 t - a piece from Xom's chessboard (15/15)
 J - a phantom mirror
 Z - a phial of floods


   Skills:
 + Level 16.3 Fighting
 + Level 15.7 Short Blades
 + Level 15.1 Long Blades
 + Level 15.1 Axes
 + Level 15.1 Maces & Flails
 + Level 15.1 Polearms
 + Level 15.1 Staves
 + Level 15.1 Ranged Weapons
 + Level 15.1 Throwing
 + Level 15.1 Armour
 + Level 15.7 Dodging
 + Level 17.5 Stealth
 + Level 15.1 Shields
 + Level 15.1 Unarmed Combat
 + Level 15.1 Spellcasting
 + Level 12.8 Conjurations
 + Level 12.8 Hexes
 + Level 12.8 Summonings
 + Level 12.8 Necromancy
 + Level 12.8 Translocations
 + Level 12.8 Transmutations
 + Level 12.8 Fire Magic
 + Level 12.8 Ice Magic
 + Level 12.8 Air Magic
 + Level 12.8 Earth Magic
 + Level 12.8 Poison Magic
 + Level 16.4 Invocations
 + Level 15.1 Evocations


You had 5 spell levels left.
You knew the following spells:

 Your Spells              Type           Power      Damage    Failure   Level
a - Beastly Appendage     Tmut           100%       N/A       1%          1
b - Wereblood             Tmut           54%        N/A       1%          2
c - Call Canine Familiar  Summ           54%        N/A       1%          3
d - Summon Guardian Gole  Hex/Summ       54%        N/A       1%          3
e - Summon Mana Viper     Hex/Summ       54%        N/A       1%          5
f - Summon Forest         Summ/Tloc      27%        N/A       1%          5
g - Summon Cactus Giant   Summ           27%        N/A       9%          6
h - Arcjolt               Conj/Air       27%        1d37      1%          5
i - Freezing Cloud        Conj/Ice/Air   27%        6-21      1%          5
j - Irradiate             Conj/Tmut      27%        3d20      1%          5
k - Conjure Ball Lightni  Conj/Air       27%        3x3d8     9%          6

Your spell library contained the following spells:

 Spells                   Type           Power      Damage    Failure   Level
 Apportation              Tloc           100%       N/A       1%          1
 Foxfire                  Conj/Fire      100%       2x1d9     1%          1
 Freeze                   Ice            100%       1d10      1%          1
 Necrotise                Necr           100%       1d9       1%          1
 Sandblast                Erth           100%       2d20      1%          1
 Shock                    Conj/Air       100%       1d9       1%          1
 Summon Small Mammal      Summ           100%       N/A       1%          1
 Blink                    Tloc           100%       N/A       1%          2
 Cigotuvi's Dreadful Rot  Necr/Pois/Air  100%       N/A       1%          2
 Lesser Beckoning         Tloc           100%       N/A       1%          2
 Momentum Strike          Conj/Tloc      100%       3d10      1%          2
 Passwall                 Tmut/Erth      45%        N/A       1%          2
 Poisonous Vapours        Pois/Air       100%       N/A       1%          2
 Static Discharge         Conj/Air       100%       2-7/arc   1%          2
 Dazzling Flash           Conj/Hex       100%       N/A       1%          3
 Frozen Ramparts          Ice            100%       1d16      1%          3
 Hailstorm                Conj/Ice       54%        3d12      1%          3
 Ignite Poison            Fire/Tmut/Pois 54%        N/A       1%          3
 Ozocubu's Armour         Ice            54%        N/A       1%          3
 Spider Form              Tmut/Pois      54%        N/A       1%          3
 Stone Arrow              Conj/Erth      100%       3d13      1%          3
 Tukima's Dance           Hex            54%        N/A       1%          3
 Vampiric Draining        Necr           54%        2d9       1%          3
 Airstrike                Air            27%        2d(4-20)  1%          4
 Anguish                  Hex/Necr       27%        N/A       1%          4
 Dispel Undead            Necr           54%        3d20      1%          4
 Flame Wave               Conj/Fire      54%        2d13      1%          4
 Ice Form                 Ice/Tmut       54%        N/A       1%          4
 Olgreb's Toxic Radiance  Pois           54%        N/A       1%          4
 Passage of Golubria      Tloc           54%        N/A       1%          4
 Summon Ice Beast         Ice/Summ       54%        N/A       1%          4
 Summon Lightning Spire   Summ/Air       54%        N/A       1%          4
 Agony                    Necr           54%        N/A       1%          5
 Alistair's Intoxication  Tmut/Pois      36%        N/A       1%          5
 Borgnjor's Vile Clutch   Necr/Erth      27%        N/A       1%          5
 Fireball                 Conj/Fire      27%        3d12      1%          5
 Silence                  Hex/Air        27%        N/A       1%          5
 Yara's Violent Unravell  Hex/Tmut       27%        3d12      1%          5
 Eringya's Noxious Bog    Tmut/Pois      27%        N/A       9%          6
 Plasma Beam              Fire/Air       27%        2x1d43    9%          6
 Starburst                Conj/Fire      27%        6d9       9%          6
 Malign Gateway           Summ/Tloc      27%        N/A       43%         7
 Storm Form               Tmut/Air       27%        N/A       43%         7
 Summon Hydra             Summ           27%        N/A       43%         7
 Discord                  Hex            27%        N/A       98%         8
 Disjunction              Tloc           27%        N/A       98%         8


Dungeon Overview and Level Annotations

Branches:
Dungeon (15/15)            Temple (1/1) D:6            Lair (5/5) D:8
  Swamp (4/4) Lair:2        Snake (4/4) Lair:3        Slime (2/5) Lair:4
    Orc (2/2) D:10            Elf (3/3) Orc:2        Vaults (2/5) D:13
 Depths (0/4) D:15         Bailey (visited)
  Crypt: Vaults:2-3

Altars:
Ashenzari
Cheibriados
Dithmenos
Elyvilon
Fedhas
Gozag
Hepliaklqana
Kikubaaqudgha
Makhleb
Nemelex Xobeh
Okawaru
Qazlal
Ru
Sif Muna
Trog
Uskayaw
Vehumet
Wu Jian
Xom
Yredelemnul
Zin
The Shining One
Jiyva
Lugonu

Shops:
D:1 (   D:3 !   D:6 [[[   D:14 =   Orc:1 [   Orc:2 !([(   Elf:1 :   Snake:1 =
Snake:2 *   Snake:3 ==:   Snake:4 (   Vaults:1 !

Portals:
Abyss: Lair:5

Annotations:
D:12 3 runed translucent doors, soul19's ghost, journeyman DsFi
D:14 2 transporters
Vaults:2 Nikola


Innate Abilities, Weirdness & Mutations

You have very sharp teeth.
Your uncanny sense of smell can sniff out nearby items.
Your experience applies equally to all skills.
Your system is resistant to poisons. (rPois)
You have hidden genetic potential.


Message History

You are too berserk!
Unknown command.
Okay, then.
You feel a strong urge to attack something.
You are no longer berserk.
You are exhausted.
You feel yourself slow down.
Okay, then. [a] - 308 gold - resistance and might [b] - 377 gold - heal wounds and magic [c] - 378 gold - resistance and invisibility Purchase which effect?
You feel much better. Magic courses through your body.
Nikola says, "There's a spark of magic in your eyes."
You block Nikola's attack.
Throw: 3 throwing nets
Press: ? - help, Q - select action, (/) - cycle Shift-Dir - straight line, f - Nikola
Aim: Nikola, wielding a +2 rapier of electrocution, wearing a +0 cloak and wearing a +2 pair of gloves of hurling (moderately wounded, 79% to hit)
You throw a throwing net. The throwing net hits Nikola.
Nikola is caught in the net!
Nikola is moderately wounded.
The wizard gestures wildly while chanting.
The wizard blinks!
Nikola struggles against the net.
You slice Nikola!! You bite Nikola.
Nikola is heavily wounded.
Space becomes stable.
Nikola struggles against the net.
You hit Nikola.
Nikola is heavily wounded.
Nikola struggles against the net.
Nikola is distracted by your dazzling golden aura.
Nikola struggles against the net.
Nikola shouts!
You slash Nikola!
Nikola is no longer distracted by gold.
Nikola is heavily wounded.
Nikola casts a spell.
Lightning arcs from Nikola's hands!
The bolt of lightning hits you!!! You resist.
You die...
Your body crumbles into a pile of gold.

###################'
........................
............$...........
.............$.@$$......
........♣♣♣'##♣#@...p...
........#......#........
........#......#........
........#....<.#........
........'......#........
#######.#......#........
......#.#......#........
......#.#......#........
......#.#####++#


You could see Nikola (caught) and a wizard.

Vanquished Creatures
  Mara (Swamp:4)
  the Lernaean hydra (Swamp:4)
  Jorgrun (Swamp:1)
  Asterion (Vaults:2)
  A deep elf blademaster (Elf:3)
  2 deep elf master archers (Elf:3)
  2 acid blobs (Slime:1)
  Frances (Swamp:1)
  Agnes (Snake:1)
  11 nagarajas
  An azure jelly (Slime:1)
  A deep elf elementalist (Elf:3)
  An orc warlord (Bailey)
  A deep elf sorcerer (Elf:3)
  6 ghouls (Swamp:4)
  3 ironbound thunderhulks
  4 ironbound preservers (Vaults:1)
  A deep elf demonologist (Elf:3)
  A stone giant (D:15)
  2 deep elf annihilators
  4 dire elephants (Vaults:1)
  4 bunyips
  Snorg (Orc:1)
  The ghost of laqueoix the Fencer, a journeyman MfGl of Wu Jian (Lair:1)
  2 ettins
  A deep elf death mage (Elf:3)
  Josephine (Orc:1)
  A yaktaur captain (Vaults:1)
  A shambling mangrove (Swamp:2)
  3 deep elf high priests (Elf:3)
  Erolcha (Orc:1)
  3 salamander tyrants (Snake:4)
  22 hydras
  An ogre mage (D:15)
  12 two-headed ogres
  4 catoblepae
  2 ghost crabs
  2 centaur warriors
  6 anacondas
  7 boulder beetles
  25 dancing weapons
  3 ironbound frosthearts
  Erica (D:10)
  9 death yaks
  11 alligators
  11 naga warriors
  19 deep elf knights
  A vampire mage (Swamp:1)
  4 orc high priests
  Urug (Lair:5)
  12 naga sharpshooters
  3 shock serpents
  Nergalle (D:11)
  2 thrashing horrors (Lair:5)
  5 skeletal warriors
  Amaemon (D:10)
  A skyshark (Lair:5)
  5 goliath frogs
  2 salamander mystics
  4 spriggan druids
  2 bog bodies
  7 deep elf archers
  3 ironbound convokers
  4 deep trolls (Vaults:1)
  10 swamp dragons
  22 deep elf zephyrmancers
  5 naga ritualists
  2 spectral hydras (Lair:2)
  A necromancer (Vaults:1)
  10 orc knights
  33 deep elf pyromancers
  A wizard (Vaults:2)
  8 mana vipers
  5 harpies (Vaults:1)
  3 lindwurms
  A wolf spider (D:15)
  24 ugly things
  An oklob plant (Lair:4)
  4 will-o-the-wisps
  5 manticores
  4 orc sorcerers
  4 cyclopes
  6 salamanders
  17 elephants
  13 naga magi
  28 black mambas
  An eye of devastation (shapeshifter) (D:13)
  5 guardian serpents
  Maurice (Orc:1)
  A torpor snail (Lair:2)
  5 vault sentinels
  An orange demon (D:10)
  A smoke demon (Lair:5)
  12 cane toads
  Maggie (Lair:2)
  A gargoyle (D:13)
  2 unseen horrors
  6 rime drakes
  3 komodo dragons
  A freezing wraith (D:15)
  A kobold demonologist (D:12)
  8 yaktaurs (Vaults:1)
  2 ancient zymes (Lair:5)
  6 trolls
  12 hornets
  2 polar bears (Lair:4)
  9 tyrant leeches
  A tyrant leech (shapeshifter) (Elf:1)
  21 blink frogs
  7 saltlings (Orc:2)
  A spectral elephant (Lair:2)
  A spectral black mamba (Lair:2)
  23 slime creatures
  3 shadows
  A meliai zombie (D:14)
  8 spriggans
  2 ynoxinuls (Lair:5)
  4 water elementals
  2 air elementals (Elf:3)
  12 humans (D:13)
  10 small abominations (Lair:5)
  A vampire (D:14)
  9 wraiths
  2 wyverns
  3 basilisks
  3 fire elementals
  2 steam dragons
  A large abomination (Lair:5)
  70 yaks
  2 chaos spawn (Lair:5)
  9 vampire mosquitoes
  39 nagas
  5 wargs
  3 acid dragons
  14 swamp worms
  13 water moccasins
  2 sky beasts
  5 swamp drakes (Swamp:4)
  3 black bears
  A hornet zombie (D:7)
  26 orc warriors
  A spectral blink frog (Lair:2)
  7 ogres
  5 centaurs
  5 phantoms
  6 kobold brigands
  A gnoll sergeant (D:12)
  10 bullfrogs
  2 earth elementals
  A scorpion (D:3)
  4 wights
  3 killer bees (D:9)
  7 nameless horrors
  2 howler monkeys
  2 electric eels (D:13)
  10 centaur zombies
  4 hounds
  16 orc priests
  A sleepcap (D:6)
  3 iguanas
  24 orc wizards
  A hell rat (Lair:4)
  Robin (D:3)
  12 gnolls
  5 adders
  A shadow imp (D:7)
  A white imp (D:7)
  2 worms
  70 orcs
  7 ball pythons
  8 endoplasms
  2 giant cockroaches
  19 goblins
  11 hobgoblins
  4 jackals (D:1)
  35 kobolds
  2 quokkas
  2 training dummies (D:4)
  4 bats
  5 frilled lizards
  5 rats
  A butterfly (Lair:2)
  A snaplasher vine (Snake:4)
  2 spectral weapons (Vaults:2)
1171 creatures vanquished.

Vanquished Creatures (collateral kills)
  Mlioglotl (Swamp:2)
  A deep elf blademaster (Elf:3)
  A deep elf master archer (Elf:3)
  2 acid blobs (Slime:1)
  A rockslime (Slime:1)
  3 nagarajas
  The ghost of riellis1 the Tortoise, a journeyman FoFi of Okawaru (Swamp:1)
  Aizul (Swamp:2)
  5 deep elf sorcerers
  A vault warden (Vaults:1)
  A deep elf elementalist (Elf:3)
  An orc warlord (Vaults:1)
  A ghoul (Swamp:4)
  An eleionoma (Swamp:4)
  4 deep elf annihilators (Elf:3)
  4 deep elf demonologists (Elf:3)
  A bunyip (Swamp:4)
  2 dire elephants (Vaults:1)
  3 deep elf high priests (Elf:3)
  3 deep elf death magi
  2 alligators
  8 dancing weapons
  A two-headed ogre (D:9)
  3 naga warriors
  A shock serpent (Snake:1)
  2 naga sharpshooters
  4 deep elf knights
  A goliath frog (Swamp:4)
  A salamander mystic (Snake:4)
  A spriggan druid (Swamp:3)
  2 naga ritualists
  An ironbound convoker (Vaults:1)
  A deep elf zephyrmancer (Elf:2)
  6 deep elf archers
  2 deep elf pyromancers (Elf:3)
  A lindwurm (Vaults:1)
  3 mana vipers
  A shining eye (Slime:1)
  2 salamanders (Snake:4)
  2 will-o-the-wisps
  A guardian serpent (Snake:4)
  7 naga magi
  2 black mambas
  2 tyrant leeches
  A troll (Vaults:2)
  A hornet (Swamp:4)
  A nameless horror (Elf:1)
  An air elemental (Elf:2)
  11 slime creatures
  A spriggan (Swamp:4)
  A chaos spawn (Lair:5)
  A naga (shapeshifter) (Elf:2)
  12 nagas
  2 swamp worms (Swamp:4)
  2 swamp drakes (Swamp:4)
  An orc warrior (Elf:2)
  2 necrophages (Swamp:4)
  A bullfrog (Lair:1)
  A spectral water moccasin (Lair:2)
  An orc priest (Vaults:2)
  5 orcs
  3 spectral weapons (Vaults:2)
143 creatures vanquished.

Vanquished Creatures (others)
  An acid blob (Slime:1)
  A great orb of eyes (Slime:1)
  Harold (D:10)
  A naga warrior (Snake:4)
  3 death yaks
  A deep elf knight (Elf:1)
  3 skeletal warriors (D:15)
  A swamp dragon (Swamp:4)
  A deep elf archer (Elf:1)
  A deep elf pyromancer (Elf:1)
  5 slime creatures (Slime:1)
  A torpor snail (Lair:2)
  2 cane toads
  A komodo dragon (Lair:1)
  A bloated husk (Swamp:1)
  A troll (D:10)
  A blink frog (Lair:3)
  A wyvern (Lair:1)
  2 yaks (Lair:1)
  2 vampire mosquitoes (D:11)
  A water moccasin (Lair:1)
  3 bullfrogs (Lair:2)
  9 ball lightnings (Slime:1)
  20 foxfires
  3 snaplasher vines
67 creatures vanquished.

Grand Total: 1381 creatures vanquished

Notes
Turn   | Place    | Note
-------+----------+-------------------------------------------
     0 | D:5      | Reached skill level 9 in Stealth
     0 | D:5      | croobank the Gnoll Delver began the quest for the Orb.
     0 | D:5      | Reached XP level 1. HP: 23/23 MP: 1/1
     1 | D:6      | Found Fauneec's Armour Boutique.
    18 | D:6      | Noticed a hound
    31 | D:6      | Found Vourphy's Armour Boutique.
    70 | D:5      | Noticed a hound
   201 | D:4      | Reached XP level 2. HP: 12/29 MP: 2/2
   486 | D:4      | Noticed a sky beast
   492 | D:4      | Killed a sky beast
   493 | D:4      | Reached skill level 1 in Long Blades
   493 | D:4      | Reached skill level 1 in Axes
   493 | D:4      | Reached skill level 1 in Maces & Flails
   493 | D:4      | Reached skill level 1 in Polearms
   493 | D:4      | Reached skill level 1 in Staves
   493 | D:4      | Reached skill level 1 in Ranged Weapons
   493 | D:4      | Reached skill level 1 in Throwing
   493 | D:4      | Reached skill level 1 in Armour
   493 | D:4      | Reached skill level 1 in Shields
   493 | D:4      | Reached skill level 1 in Unarmed Combat
   493 | D:4      | Reached skill level 1 in Spellcasting
   493 | D:4      | Reached skill level 1 in Conjurations
   493 | D:4      | Reached skill level 1 in Hexes
   493 | D:4      | Reached skill level 1 in Summonings
   493 | D:4      | Reached skill level 1 in Necromancy
   493 | D:4      | Reached skill level 1 in Translocations
   493 | D:4      | Reached skill level 1 in Transmutations
   493 | D:4      | Reached skill level 1 in Fire Magic
   493 | D:4      | Reached skill level 1 in Ice Magic
   493 | D:4      | Reached skill level 1 in Air Magic
   493 | D:4      | Reached skill level 1 in Earth Magic
   493 | D:4      | Reached skill level 1 in Poison Magic
   493 | D:4      | Reached skill level 1 in Invocations
   493 | D:4      | Reached skill level 1 in Evocations
   493 | D:4      | Reached XP level 3. HP: 35/35 MP: 2/5
   493 | D:4      | Reached XP level 4. HP: 41/41 MP: 2/6
   573 | D:4      | Reached XP level 5. HP: 25/47 MP: 7/7
   925 | D:1      | Found Muhocrot's Weapon Boutique.
  2207 | D:3      | Noticed Robin
  2238 | D:3      | Reached XP level 6. HP: 45/53 MP: 8/8
  2309 | D:3      | Killed Robin
  2316 | D:3      | Reached skill level 5 in Short Blades
  2316 | D:3      | Reached skill level 5 in Dodging
  2485 | D:3      | Found Kixit's Distillery.
  2492 | D:3      | Bought a potion of degeneration for 12 gold pieces
  2648 | D:4      | Noticed a black bear
  2654 | D:4      | Killed a black bear
  2668 | D:4      | Reached XP level 7. HP: 60/60 MP: 10/10
  3281 | D:5      | Reached skill level 10 in Stealth
  3743 | D:5      | Reached XP level 8. HP: 25/67 MP: 12/12
  4789 | D:6      | Identified 2 scrolls of acquirement
  4789 | D:6      | Acquired 1287 gold pieces
  4791 | D:6      | Acquired a staff of air
  4900 | D:6      | Found a staircase to the Ecumenical Temple.
  4909 | Temple   | Entered the Ecumenical Temple
  4928 | Temple   | Became a worshipper of Gozag Ym Sagoz the Greedy
  5048 | D:7      | Learned a level 1 spell: Beastly Appendage
  5051 | D:7      | Learned a level 2 spell: Wereblood
  5163 | D:8      | Found a flagged portal.
  5186 | Bailey   | Entered a bailey
  5191 | Bailey   | Noticed an orc warlord
  5329 | Bailey   | Reached XP level 9. HP: 56/73 MP: 12/14
  5332 | Bailey   | Found a runed translucent gate.
  5334 | Bailey   | Found a runed translucent gate.
  5342 | Bailey   | Found a runed translucent gate.
  5636 | Bailey   | Learned a level 3 spell: Summon Guardian Golem
  5640 | Bailey   | Learned a level 3 spell: Call Canine Familiar
  5657 | Bailey   | Killed an orc warlord
  5658 | Bailey   | Reached skill level 5 in Invocations
  5690 | Bailey   | Reached skill level 11 in Stealth
  5690 | Bailey   | Reached skill level 5 in Conjurations
  5690 | Bailey   | Reached skill level 5 in Hexes
  5690 | Bailey   | Reached skill level 5 in Summonings
  5690 | Bailey   | Reached skill level 5 in Necromancy
  5690 | Bailey   | Reached skill level 5 in Translocations
  5690 | Bailey   | Reached skill level 5 in Transmutations
  5690 | Bailey   | Reached skill level 5 in Fire Magic
  5690 | Bailey   | Reached skill level 5 in Ice Magic
  5690 | Bailey   | Reached skill level 5 in Air Magic
  5690 | Bailey   | Reached skill level 5 in Earth Magic
  5690 | Bailey   | Reached skill level 5 in Poison Magic
  5690 | Bailey   | Reached XP level 10. HP: 83/83 MP: 8/19
  5795 | D:8      | Found a staircase to the Lair.
  6486 | D:7      | Found a basalt altar of Yredelemnul.
  7162 | D:7      | Reached XP level 11. HP: 89/89 MP: 20/20
  7221 | D:7      | Found a radiant altar of Vehumet.
  8043 | D:9      | Noticed a two-headed ogre
  8074 | D:9      | Killed a two-headed ogre
  8661 | D:9      | Found a shadowy altar of Dithmenos.
  8661 | D:9      | Found a broken altar of Ashenzari.
  8661 | D:9      | Found a stormy altar of Qazlal.
  8661 | D:9      | Found an ornate altar of the Wu Jian Council.
  8668 | D:9      | Found a burning altar of Makhleb.
  8670 | D:9      | Found a glowing golden altar of the Shining One.
  9050 | D:10     | Entered Level 10 of the Dungeon
  9089 | D:10     | Noticed Erica
  9092 | D:10     | Killed Erica
  9124 | D:10     | Noticed Harold
  9135 | D:10     | Killed Harold
  9583 | D:6      | Paralysed by a hornet for 1 turns
  9992 | D:6      | Found Weumas's Antique Armour Emporium.
 10121 | D:6      | Bought the +5 Storm Queen's Shield {shock, Fly rElec} for
                  | 501 gold pieces
 10121 | D:6      | Found the +5 Storm Queen's Shield {shock, Fly rElec}
 10379 | D:10     | Noticed Amaemon
 10414 | D:10     | Killed Amaemon
 10415 | D:10     | Reached skill level 12 in Stealth
 10426 | D:10     | Reached XP level 12. HP: 97/97 MP: 20/23
 10568 | D:10     | Reached skill level 10 in Fighting
 10681 | D:10     | Found a staircase to the Orcish Mines.
 11119 | D:3      | Bought a potion of might for 48 gold pieces
 11119 | D:3      | Bought a potion of magic for 96 gold pieces
 11119 | D:3      | Bought a potion of brilliance for 48 gold pieces
 11119 | D:3      | Bought a potion of cancellation for 96 gold pieces
 11119 | D:3      | Bought a potion of resistance for 120 gold pieces
 11899 | D:11     | Noticed a two-headed ogre
 11906 | D:11     | Killed a two-headed ogre
 12246 | D:11     | Noticed Nergalle
 12262 | D:11     | Killed Nergalle
 12276 | D:11     | Noticed a two-headed ogre
 12300 | D:11     | Killed a two-headed ogre
 12408 | D:12     | Found a runed translucent gate.
 12408 | D:12     | Found a runed translucent gate.
 12408 | D:12     | Found a runed translucent gate.
 12409 | D:12     | Noticed soul19's ghost (journeyman DsFi)
 12410 | D:12     | Noticed a minotaur
 12487 | D:12     | Noticed a boulder beetle
 12527 | D:12     | Killed a boulder beetle
 13280 | Orc:1    | Entered Level 1 of the Orcish Mines
 13280 | Orc:1    | Noticed Snorg
 13280 | Orc:1    | Noticed Erolcha
 13325 | Lair:1   | Entered Level 1 of the Lair of Beasts
 13349 | Lair:1   | You are sucked into a shaft and drop 1 floor!
 13385 | Lair:2   | Noticed a death yak
 13406 | Lair:2   | Killed a death yak
 13646 | Lair:1   | Noticed a death yak
 13646 | Lair:1   | Noticed a death yak
 13647 | Lair:1   | Noticed a death yak
 13649 | Lair:1   | Noticed a death yak
 13691 | Lair:1   | Killed a death yak
 13692 | Lair:1   | Reached XP level 13. HP: 85/104 MP: 25/25
 13956 | Lair:1   | Noticed laqueoix's ghost (journeyman MfGl)
 13963 | Lair:1   | Found a runed translucent gate.
 13963 | Lair:1   | Found a runed translucent gate.
 13963 | Lair:1   | Found a runed translucent gate.
 15094 | Lair:2   | Reached skill level 10 in Short Blades
 15094 | Lair:2   | Reached skill level 10 in Dodging
 15272 | Lair:2   | Found a staircase to the Swamp.
 15376 | Lair:2   | Noticed Maggie
 15382 | Lair:2   | Killed Maggie
 15589 | Lair:2   | Found the +4 skin of Zhor {*Englaciate rC+++ SInv}
 15612 | Lair:2   | Found a stormy altar of Qazlal.
 15773 | Lair:2   | Reached skill level 13 in Stealth
 16204 | Lair:3   | Found a staircase to the Snake Pit.
 16215 | Lair:3   | Reached skill level 10 in Invocations
 16236 | Lair:3   | Reached XP level 14. HP: 99/113 MP: 27/27
 17246 | Lair:4   | Identified the ring "Yciuwey" {Ice Str+2}
 17847 | Lair:4   | Found a viscous altar of Jiyva.
 17847 | Lair:4   | Found a staircase to the Slime Pits.
 18198 | Lair:5   | Entered Level 5 of the Lair of Beasts
 18578 | Lair:5   | Acquired the Lectures on Attacks and the Icicle
 19100 | Lair:5   | Reached skill level 10 in Long Blades
 19100 | Lair:5   | Reached skill level 10 in Axes
 19100 | Lair:5   | Reached skill level 10 in Maces & Flails
 19100 | Lair:5   | Reached skill level 10 in Polearms
 19100 | Lair:5   | Reached skill level 10 in Staves
 19100 | Lair:5   | Reached skill level 10 in Ranged Weapons
 19100 | Lair:5   | Reached skill level 10 in Throwing
 19100 | Lair:5   | Reached skill level 10 in Armour
 19100 | Lair:5   | Reached skill level 10 in Shields
 19100 | Lair:5   | Reached skill level 10 in Unarmed Combat
 19100 | Lair:5   | Reached skill level 10 in Spellcasting
 19100 | Lair:5   | Reached skill level 10 in Evocations
 19445 | Lair:5   | Noticed Urug
 19458 | Lair:5   | Killed Urug
 19551 | Lair:5   | Reached XP level 15. HP: 120/120 MP: 29/29
 20262 | Lair:5   | Found a corrupted altar of Lugonu.
 20262 | Lair:5   | Found a one-way gate to the infinite horrors of the Abyss.
 20273 | Lair:5   | Identified the +1 arbalest "Fomaic" {elec, MP+9 Int+7}
 20746 | Lair:1   | Killed laqueoix's ghost
 20760 | Lair:1   | Identified the +2 helmet of Complete Protection {-Tele
                  | Int+4}
 21444 | D:13     | Reached skill level 14 in Stealth
 21448 | D:13     | Found a gate to the Vaults.
 22201 | Orc:1    | Noticed Maurice
 22202 | Orc:1    | Killed Erolcha
 22204 | Orc:1    | Killed Snorg
 22225 | Orc:1    | Killed Maurice
 22473 | Orc:1    | Found a transporter.
 22478 | Orc:1    | Found Folod's Antique Armour Boutique.
 22553 | Orc:1    | Noticed Josephine
 22562 | Orc:1    | Killed Josephine
 22769 | Orc:1    | Found a transporter.
 22839 | Orc:2    | Entered Level 2 of the Orcish Mines
 22839 | Orc:2    | Found a staircase to the Elven Halls.
 23597 | Orc:2    | Reached XP level 16. HP: 34/129 MP: 29/31
 24262 | Orc:2    | Found Boang's Weapon Shop.
 24285 | Orc:2    | Found Seokosmo's Armour Shop.
 24322 | Orc:2    | Found Jirhiq's Distillery.
 24571 | Orc:2    | Bought a potion of invisibility for 96 gold pieces
 24609 | Orc:2    | Bought the +0 mask of the Dragon {Will+ Slay+3 SInv} for
                  | 367 gold pieces
 24609 | Orc:2    | Found the +0 mask of the Dragon {Will+ Slay+3 SInv}
 24638 | Orc:2    | Found Fynkot's Weapon Boutique.
 25327 | D:14     | Found Beobif's Jewellery Shop.
 25384 | D:14     | Learned a level 5 spell: Summon Mana Viper
 25390 | D:14     | Learned a level 5 spell: Summon Forest
 25396 | D:14     | Learned a level 5 spell: Arcjolt
 25564 | D:14     | Found a transporter.
 26316 | D:14     | Found a transporter.
 26557 | D:15     | Entered Level 15 of the Dungeon
 26587 | D:15     | Found a staircase to the Depths.
 28412 | Elf:1    | Entered Level 1 of the Elven Halls
 28462 | Elf:1    | Learned a level 6 spell: Summon Cactus Giant
 28481 | Elf:1    | Identified the +3 leather armour "Sebuq" {SInv}
 28601 | Elf:1    | Reached XP level 17. HP: 137/137 MP: 32/32
 28667 | Elf:1    | Reached skill level 10 in Conjurations
 28667 | Elf:1    | Reached skill level 10 in Hexes
 28667 | Elf:1    | Reached skill level 10 in Summonings
 28667 | Elf:1    | Reached skill level 10 in Necromancy
 28667 | Elf:1    | Reached skill level 10 in Translocations
 28667 | Elf:1    | Reached skill level 10 in Transmutations
 28667 | Elf:1    | Reached skill level 10 in Fire Magic
 28667 | Elf:1    | Reached skill level 10 in Ice Magic
 28667 | Elf:1    | Reached skill level 10 in Air Magic
 28667 | Elf:1    | Reached skill level 10 in Earth Magic
 28667 | Elf:1    | Reached skill level 10 in Poison Magic
 28888 | Elf:1    | Reached skill level 15 in Stealth
 29285 | Elf:1    | Identified the orb of the Doomed God {light, Int+5}
 29379 | Elf:1    | You are sucked into a shaft and drop 1 floor!
 29437 | Elf:2    | HP: 6/204 [+2 trident of venom (10)]
 29441 | Elf:2    | HP: 2/136 [poisoned by a +2 trident of venom]
 30566 | Elf:1    | Found Torriohe's Book Shoppe.
 30573 | Elf:1    | Bought a Trismegistus Codex for 442 gold pieces
 30579 | Elf:1    | Learned a level 5 spell: Freezing Cloud
 30614 | Elf:1    | Identified the +1 robe of the Cooper {Str+4 Stlth+}
 31712 | Elf:2    | Found a runed translucent gate.
 31712 | Elf:2    | Found a runed translucent gate.
 31713 | Elf:2    | Found a runed translucent gate.
 31887 | Elf:2    | Reached XP level 18. HP: 42/146 MP: 34/34
 33150 | Elf:2    | Learned a level 5 spell: Irradiate
 33327 | Snake:1  | Entered Level 1 of the Snake Pit
 33469 | Snake:1  | Noticed Agnes
 33482 | Snake:1  | Killed Agnes
 33638 | Snake:1  | Identified the +9 mace of Fee Simple {holy, rF+}
 33889 | Snake:1  | Found Cuol's Jewellery Boutique.
 35306 | Snake:2  | Identified the +1 scale mail of the Echidna {*Slow rElec
                  | rN+}
 35649 | Snake:2  | Found Nuhuupt's Assorted Antiques.
 35673 | Snake:2  | Bought a potion of heal wounds for 170 gold pieces
 35673 | Snake:2  | Bought a scroll of enchant weapon for 255 gold pieces
 35673 | Snake:2  | Bought a scroll of teleportation for 102 gold pieces
 36059 | Snake:2  | Identified the +0 ring mail of the Lute {Str+3 Dex+5}
 36405 | Snake:3  | Found Tiahatos's Jewellery Shop.
 36406 | Snake:3  | Found Kiuc's Book Emporium.
 36407 | Snake:3  | Found Piaxtuss's Jewellery Shop.
 37568 | Snake:4  | Entered Level 4 of the Snake Pit
 37749 | Snake:4  | Reached skill level 16 in Stealth
 37908 | Snake:4  | Reached XP level 19. HP: 33/153 MP: 36/36
 39473 | Snake:4  | Got a serpentine rune of Zot
 40372 | Snake:4  | Found Xaifat's Antique Weapon Boutique.
 40890 | Elf:3    | Entered Level 3 of the Elven Halls
 40901 | Elf:3    | Reached skill level 15 in Fighting
 41012 | Elf:3    | Paralysed by an air elemental for 1 turns
 41837 | Elf:3    | Noticed a Brimstone Fiend
 41838 | Elf:3    | Noticed an Ice Fiend
 41863 | Elf:3    | HP: 3/155 [deep elf master archer/arrow (34)]
 42252 | Elf:3    | Identified the +10 mace of the Vendetta {antimagic, rC+
                  | Str-5 Dex+8 Stlth-}
 42252 | Elf:3    | Identified the +14 crystal plate armour of the Saviour
                  | {Rampage rElec rC- Int+4}
 42405 | Elf:3    | Identified the staff of conjuration "Ocey" {Contam Will-
                  | rCorr Dex+10}
 42414 | Elf:3    | Identified the +6 spear "Qesic" {chaos, rN+ Int-4 Stlth+}
 42424 | Elf:3    | Identified the staff of air "Qef Uko" {rElec Will+ MP+9
                  | Int-2}
 42429 | Elf:3    | Reached skill level 15 in Invocations
 42932 | Elf:3    | Identified the staff of air "Liniobox" {rElec rPois Int+4
                  | SInv}
 43097 | Elf:3    | Got Peik's Folio of the Aerial Sun
 43107 | Elf:3    | Got Zuitec's Volume of Interference and Toxicity
 43121 | Elf:3    | Reached XP level 20. HP: 162/162 MP: 25/37
 43150 | Elf:3    | Got the Spellbook of Conduction
 43167 | Elf:3    | Identified the +5 quarterstaff "Concordance" {vamp, Int+3}
 43602 | Swamp:1  | Entered Level 1 of the Swamp
 43691 | Swamp:1  | Got the Handbook of the Hummingbird
 43829 | Swamp:1  | Noticed Jorgrun
 43843 | Swamp:1  | Killed Jorgrun
 43855 | Swamp:1  | Noticed Frances
 43880 | Swamp:1  | Killed Frances
 44027 | Swamp:1  | Found a runed translucent door.
 44028 | Swamp:1  | Found a shimmering altar of Xom.
 44028 | Swamp:1  | Noticed riellis1's ghost (journeyman FoFi)
 44103 | Swamp:1  | Identified the +1 broad axe of Accord {chaos, Str+5 Int-2
                  | Dex+10 SInv}
 44962 | Swamp:1  | Killed riellis1's ghost
 44974 | Swamp:1  | Reached XP level 21. HP: 149/167 MP: 37/39
 45467 | Swamp:2  | Reached skill level 15 in Short Blades
 45467 | Swamp:2  | Reached skill level 15 in Dodging
 45473 | Swamp:2  | Noticed Aizul
 45488 | Swamp:2  | Killed Aizul
 45674 | Swamp:2  | Noticed Mlioglotl
 45693 | Swamp:2  | Killed Mlioglotl
 46090 | Swamp:2  | Found a snail-covered altar of Cheibriados.
 46480 | Swamp:3  | Reached skill level 17 in Stealth
 47242 | Swamp:4  | Entered Level 4 of the Swamp
 47251 | Swamp:4  | Noticed Mara
 47263 | Swamp:4  | Noticed croobank's illusion
 47288 | Swamp:4  | Killed Mara
 48247 | Swamp:4  | Noticed the 27-headed Lernaean hydra
 48263 | Swamp:4  | Killed the 26-headed Lernaean hydra
 48364 | Swamp:4  | Got a decaying rune of Zot
 48748 | Lair:4   | Learned a level 6 spell: Conjure Ball Lightning
 48749 | Slime:1  | Entered Level 1 of the Pits of Slime
 48766 | Slime:1  | HP: 4/171 [acid blob/splash of acid (7)]
 48771 | Slime:1  | Reached XP level 22. HP: 32/178 MP: 37/40
 48777 | Slime:1  | Gained mutation: You occasionally lose the ability to drink
                  | potions when taking damage. [a shining eye]
 48800 | Slime:1  | Gained mutation: You are clumsy. (Dex -2) [a shining eye]
 48813 | Slime:1  | Gained mutation: Your body sometimes deteriorates upon
                  | taking damage. [a shining eye]
 48819 | Slime:1  | Gained mutation: You are frail. (-10% HP) [a shining eye]
 49527 | Slime:1  | Lost mutation: You are clumsy. (Dex -2) [potion of
                  | mutation]
 49527 | Slime:1  | Lost mutation: You occasionally lose the ability to drink
                  | potions when taking damage. [potion of mutation]
 49527 | Slime:1  | Gained mutation: Your system is resistant to poisons.
                  | (rPois) [potion of mutation]
 49527 | Slime:1  | Gained mutation: You sometimes lose your temper in combat.
                  | [potion of mutation]
 49527 | Slime:1  | Gained mutation: You have sharp fingernails. [potion of
                  | mutation]
 49528 | Slime:1  | Lost mutation: Your system is resistant to poisons. (rPois)
                  | [potion of mutation]
 49528 | Slime:1  | Lost mutation: Your body sometimes deteriorates upon taking
                  | damage. [potion of mutation]
 49528 | Slime:1  | Lost mutation: You sometimes lose your temper in combat.
                  | [potion of mutation]
 49529 | Slime:1  | Lost mutation: You are frail. (-10% HP) [potion of
                  | mutation]
 49529 | Slime:1  | Lost mutation: You have sharp fingernails. [potion of
                  | mutation]
 49529 | Slime:1  | Gained mutation: You have hidden genetic potential. [potion
                  | of mutation]
 49529 | Slime:1  | Gained mutation: Your system is resistant to poisons.
                  | (rPois) [potion of mutation]
 49723 | Vaults:1 | Entered Level 1 of the Vaults
 49941 | Snake:3  | Bought the ring "Babbenota" {rC+ rN+ AC+4 Dex+2} for 1051
                  | gold pieces
 49946 | Snake:3  | Bought a ring of positive energy for 300 gold pieces
 50211 | Vaults:1 | Found Cieh's Distillery.
 50218 | Vaults:1 | Bought a potion of might for 52 gold pieces
 50218 | Vaults:1 | Bought a potion of brilliance for 52 gold pieces
 50218 | Vaults:1 | Bought a potion of magic for 104 gold pieces
 50862 | Vaults:1 | Reached skill level 15 in Long Blades
 50862 | Vaults:1 | Reached skill level 15 in Axes
 50862 | Vaults:1 | Reached skill level 15 in Maces & Flails
 50862 | Vaults:1 | Reached skill level 15 in Polearms
 50862 | Vaults:1 | Reached skill level 15 in Staves
 50862 | Vaults:1 | Reached skill level 15 in Ranged Weapons
 50862 | Vaults:1 | Reached skill level 15 in Throwing
 50862 | Vaults:1 | Reached skill level 15 in Armour
 50862 | Vaults:1 | Reached skill level 15 in Shields
 50862 | Vaults:1 | Reached skill level 15 in Unarmed Combat
 50862 | Vaults:1 | Reached skill level 15 in Spellcasting
 50862 | Vaults:1 | Reached skill level 15 in Evocations
 51784 | Vaults:2 | Noticed Asterion
 51794 | Vaults:2 | Noticed Nikola
 51805 | Vaults:2 | HP: 12/268 [ironbound frostheart (13)]
 51806 | Vaults:2 | Killed Asterion
 51815 | Vaults:2 | Killed from afar by Nikola

Illustrated notes

Levels and vault maps discovered:
D:1:      giann_wishing_wells, layout_basic, serial_shops,
          nicolae_shop_bloodbath_and_beyond
D:2:      layout_basic, chequers_arboretum, skrybe_limestone_x,
          minmay_tetromino_l2
D:3:      layout_rooms, serial_shops, nicolae_shop_peninsula, uniq_robin
D:4:      dreamdust_elfheim, layout_basic, hangedman_feature_mirror
D:5:      layout_basic
D:6:      black_bear_nest_1, layout_cave_pools, temple_fountains, serial_shops,
          shop, nicolae_shop_trees, nicolae_shop_pleasant_corner_grove
D:7:      minmay_cornered_nines, layout_gridville, kennysheep_little_box,
          lemuel_zombie_altar_yredelemnul, kennysheep_generic_room_14
D:8:      layout_cave_pods, lair_entry_dummy, enter_bailey_4,
          chequers_serial_rivers_marsh
D:9:      layout_loops_ring, minmay_overflow_temple_hex
D:10:     layout_irregular_city, david_orc_2, uniq_harold, uniq_amaemon,
          uniq_erica
D:11:     layout_rooms, uniq_nergalle
D:12:     layout_roguey, maelrawn_ghost_gauntlet_escape, st_stairs_2
D:13:     layout_big_octagon, ximxim_vaults_locker_room, gauntlet_entry_generic
D:14:     gammafunk_its_a_trap, layout_cave_pods, serial_undead,
          serial_undead_e, serial_undead_b, serial_undead_e, serial_undead_c,
          serial_undead_a, serial_undead_f, serial_shops, shop,
          corexii_leaking_fountain, minmay_holes
D:15:     grunt_enter_depths_giant_problem, layout_cave_pods,
          chequers_serial_rivers_micro_d
Temple:   eino_temple_water
Lair:1:   layout_concentric_octagons, gammafunk_ghost_split,
          infiniplex_staircase_pool_2
Lair:2:   layout_cellular_growth, nicolae_swamp_entry_spooky, basic_altar,
          st_stairs_13, hellmonk_guarded_unrand_zhor, serial_bayou_shore_a,
          grunt_megastairs_2, lemuel_fruit_fields, infiniplex_staircase_pool,
          uniq_maggie
Lair:3:   layout_long_grid, guppyfry_snake_entry_island
Lair:4:   nzn_winding_woodlands_medium [nzn_winding_woodlands_hourglass,
          nzn_winding_woodlands_5x15_concentric,
          nzn_winding_woodlands_5x5_open_star, nzn_winding_woodlands_5x5_three,
          nzn_winding_woodlands_center_garden,
          nzn_winding_woodlands_5x5_checkerboard,
          nzn_winding_woodlands_5x5_closed_star,
          nzn_winding_woodlands_5x15_jagged, nzn_winding_woodlands_5x5_default],
          layout_misc_corridors, dpeg_slime_entry_enclosed,
          minmay_lair_oklob_bushes
Lair:5:   hellmonk_lair_end_abyssal_woods, layout_small_grid, uniq_urug
Swamp:1:  layout_falls_marsh, ebering_ghost_xom, serial_swamp_ruin,
          evilmike_swamp_ruin_rubble_2, evilmike_swamp_ruin_house_3,
          evilmike_swamp_ruin_house_4, swamp_pool4,
          cheibrodos_swamp_pet_leeches, uniq_jorgrun, uniq_frances
Swamp:2:  layout_basic_swamp, nicolae_swamp_godswood, uniq_aizul, uniq_mlioglotl
Swamp:3:  layout_basic_swamp, evilmike_swamp_ruin_house_6
Swamp:4:  swamp_old_school, layout_basic_swamp, uniq_mara
Snake:1:  layout_layer_cave, serial_shops, nicolae_take_the_stairs,
          grunt_megastairs_5, uniq_agnes
Snake:2:  layout_misc_corridors, serial_shops, nicolae_stop_n_shop_2,
          st_stairs_8, drop_trap, nicolae_coiled_stairwell_down,
          nicolae_triple_integral
Snake:3:  layout_honeycomb, st_stairs_4, grunt_megastairs_3, minmay_shop_grove
Snake:4:  grunt_snake_rune_spirals, layout_onion_interference, serial_shops,
          shop, nicolae_snake_serpentine_hallways
Slime:1:  layout_caves
Slime:2:  layout_caves, nicolae_slime_phagocytosis
Orc:1:    layout_diamond_mine, serial_shops, nicolae_shop_drivethru,
          mines1_david, uniq_maurice, uniq_josephine, uniq_snorg, uniq_erolcha
Orc:2:    hellmonk_orc_salted, layout_caves
Elf:1:    kennysheep_room_grid, layout_gridlike, serial_shops,
          nicolae_shop_behind_doors, hangedman_elven_crosses_minicolossus,
          amcnicky_mini_rare_corridor_liquid
Elf:2:    elven_hall_of_blades_hangedman_original [nicolae_blade_lattice],
          layout_geoelf_octagon
Elf:3:    minmay_elf_hall_not_hex, layout_loops_corners, grunt_ministairs_6
Vaults:1: vaults_mumra_chevron, v_misc_17, nicolae_vaults_cornered_office,
          nicolae_vaults_doubleplus_tesselated, nicolae_vaults_angled_halls,
          v_pattern_2, vaults_mumra_hexcomb, ontoclasm_vaults_fault,
          nicolae_vaults_mini_display_case, ontoclasm_vaults_eye,
          nicolae_vaults_tetromino_T_1, nicolae_vaults_diamond_1,
          layout_vaults_big_room, serial_shops, shop_statue
Vaults:2: nicolae_vaults_apartment_2, v_pattern_1, vaults_mumra_hex,
          nicolae_vaults_border_crossing, hangedman_vaults_corner,
          nicolae_vaults_variable_pillar_hall, ontoclasm_vaults_decontamination,
          ontoclasm_vaults_shuriken, hangedman_vaults_slither,
          nicolae_vaults_trapezoid_2, grunt_vaults_swirl,
          vaults_mumra_chevron_long, grunt_vaults_hallway_long,
          layout_vaults_omnibox, uniq_nikola, uniq_saint_roka, uniq_asterion,
          uniq_boris

Skill      XL: |  1  2  3  4  5  6  7  8  9 10 11 12 13 14 15 16 17 18 19 20 21 22 |
---------------+-------------------------------------------------------------------+-----
Stealth        | 10 11 12 13 14 15 16 17 | 17.5
Long Blades    | 1 2 3 6 7 8 9 10 11 12 13 14 15 | 15.1
Axes           | 1 2 3 6 7 8 9 10 11 12 13 14 15 | 15.1
Maces & Flails | 1 2 3 6 7 8 9 10 11 12 13 14 15 | 15.1
Polearms       | 1 2 3 6 7 8 9 10 11 12 13 14 15 | 15.1
Staves         | 1 2 3 6 7 8 9 10 11 12 13 14 15 | 15.1
Ranged Weapons | 1 2 3 6 7 8 9 10 11 12 13 14 15 | 15.1
Throwing       | 1 2 3 6 7 8 9 10 11 12 13 14 15 | 15.1
Armour         | 1 2 3 6 7 8 9 10 11 12 13 14 15 | 15.1
Shields        | 1 2 3 6 7 8 9 10 11 12 13 14 15 | 15.1
Unarmed Combat | 1 2 3 6 7 8 9 10 11 12 13 14 15 | 15.1
Spellcasting   | 1 2 3 6 7 8 9 10 11 12 13 14 15 | 15.1
Conjurations   | 1 2 3 5 6 7 8 9 10 11 12 | 12.8
Hexes          | 1 2 3 5 6 7 8 9 10 11 12 | 12.8
Summonings     | 1 2 3 5 6 7 8 9 10 11 12 | 12.8
Necromancy     | 1 2 3 5 6 7 8 9 10 11 12 | 12.8
Translocations | 1 2 3 5 6 7 8 9 10 11 12 | 12.8
Transmutations | 1 2 3 5 6 7 8 9 10 11 12 | 12.8
Fire Magic     | 1 2 3 5 6 7 8 9 10 11 12 | 12.8
Ice Magic      | 1 2 3 5 6 7 8 9 10 11 12 | 12.8
Air Magic      | 1 2 3 5 6 7 8 9 10 11 12 | 12.8
Earth Magic    | 1 2 3 5 6 7 8 9 10 11 12 | 12.8
Poison Magic   | 1 2 3 5 6 7 8 9 10 11 12 | 12.8
Invocations    | 1 2 3 4 6 7 8 9 10 11 12 13 14 15 16 | 16.4
Evocations     | 1 2 3 6 7 8 9 10 11 12 13 14 15 | 15.1
Short Blades   | 5 6 7 8 9 10 11 12 13 14 15 | 15.7
Dodging        | 5 6 7 8 9 10 11 12 13 14 15 | 15.7
Fighting       | 7 9 10 11 12 13 14 15 16 | 16.3

Action                     |  1- 3 |  4- 6 |  7- 9 | 10-12 | 13-15 | 16-18 | 19-21 | 22-24 || total
---------------------------+-------+-------+-------+-------+-------+-------+-------+-------++-------
  Melee: Short sword       |    47 |   141 |       |       |       |       |       |       ||   188
         Bite              |     5 |    14 |    28 |    44 |   122 |   110 |   119 |    48 ||   490
         Punch             |       |     6 |     6 |     5 |       |       |       |       ||    17
         Dagger            |       |    71 |   274 |    20 |    93 |    28 |    17 |    27 ||   530
         Kick              |       |       |    12 |    26 |   172 |   164 |   115 |    34 ||   523
         Headbutt          |       |       |     6 |    20 |    95 |   109 |    83 |    19 ||   332
         Broad axe         |       |       |       |   281 |   615 |   815 |   540 |   194 ||  2445
         Staff             |       |       |       |    23 |       |       |       |       ||    23
         Scimitar          |       |       |       |       |    37 |       |   142 |       ||   179
  Throw: Boomerang         |       |       |     3 |    24 |     1 |       |       |       ||    28
         Throwing net      |       |       |     2 |       |     3 |     3 |     6 |     2 ||    16
         Javelin           |       |       |       |       |    10 |       |       |       ||    10
   Cast: Wereblood         |       |       |     9 |    15 |    58 |    59 |    44 |    11 ||   196
         Beastly Appendage |       |       |     6 |    14 |    53 |    45 |    32 |     6 ||   156
         Summon Guardian G |       |       |     2 |    24 |    31 |     6 |       |     3 ||    66
         Call Canine Famil |       |       |     1 |    11 |    22 |     1 |     5 |     2 ||    42
         Summon Mana Viper |       |       |       |       |       |    63 |    55 |    13 ||   131
         Summon Forest     |       |       |       |       |       |     9 |    20 |     5 ||    34
         Freezing Cloud    |       |       |       |       |       |     2 |     5 |       ||     7
         Summon Cactus Gia |       |       |       |       |       |     4 |    33 |     9 ||    46
         Arcjolt           |       |       |       |       |       |       |     6 |       ||     6
         Irradiate         |       |       |       |       |       |       |     4 |     2 ||     6
         Conjure Ball Ligh |       |       |       |       |       |       |     2 |     1 ||     3
 Invoke: Potion Petition   |       |       |       |       |       |     6 |     4 |     2 ||    12
  Evoke: Wand              |       |       |       |       |    10 |       |     7 |     1 ||    18
         Phial of floods   |       |       |       |       |     1 |       |       |       ||     1
    Use: Scroll            |       |     1 |    14 |     9 |    16 |    11 |    19 |     2 ||    72
         Potion            |       |       |     2 |     5 |     7 |     9 |    12 |     6 ||    41
   Stab: Sleeping          |     3 |    24 |    12 |    12 |    24 |    22 |    23 |     6 ||   126
         Distracted        |       |     1 |       |     4 |     7 |    12 |     9 |     4 ||    37
         Held in net/web   |       |       |     2 |       |     4 |       |     3 |       ||     9
         Invisible         |       |       |       |       |     2 |     1 |       |       ||     3
 Armour: Leather armour    |     2 |    64 |    74 |    78 |    33 |       |       |       ||   251
         Animal skin       |       |       |       |       |    36 |       |       |       ||    36
         Acid dragon scale |       |       |       |       |   148 |   184 |   210 |    65 ||   607
  Dodge: Dodged            |    13 |   161 |   147 |   253 |   348 |   340 |   333 |   106 ||  1701
  Block: Kite shield       |       |       |       |   142 |   624 |   720 |   635 |   196 ||  2317
